← All builds
Suicide front / Cortex / Economy first / OBSERVED BUILD

Standard suicide front

Cortex Suicide front build order · Supreme Isthmus

The role's baseline economy-first play: fast Bot Lab, early Advanced Metal Extractor, and a Thug/Grunt/Aggravator mix pushed to hold the middle while teching up.

#raid #push · 1045 distinct matches · 183 players · 73% of Cortex Suicide front games · team won 57% of 1114 · Recently observed

HOW TO PLAY IT

Key timing: Bot Lab by 0:39

  1. Open 3 mex, then rush Bot Lab almost immediately.
  2. Finish Bot Lab and start pushing Thug, Grunt, Aggravator.
  3. Send units straight to middle to contest and stop leaks.
  4. Eat the Bot Lab for metal if 32% of games reach that point.
  5. Transition into Advanced Metal Extractor once middle is stable.

Phase by phase

TYPICAL OF ITS 1045 GAMES
  1. 1
  2. 2
  3. 3
PLAY THE OPENING

Follow the example game's first 6:00 step by step: what to build now, what comes next, and where it goes. At 1× it keeps pace with your own game.

  1. 1

    Up to the Bot Lab

    Economy
    • Metal Extractor2Mex
    Order
    1. Bot LabBot Lab after 2 mexdone ~0:37, middle half 0:27–0:45

    By 0:21 in all: 2 mex

    The example game in this phase · 5 steps
    1. Mex ×2
    2. GuardGuard
    3. Radar TowerRadar Tower
    4. Mex
    5. Bot LabBot Labdone 1:04 · typical 0:37
  2. 2

    Bot Lab to 5:00

    Economy
    • Metal Extractor3Mex
    • Wind Turbine2Wind
    Builders
    • Graverobber4 Graverobber
    • Construction Bot3 Con bot
    Army
    • Guard3 Guard
    • Thug16 Thug
    • Grunt3 Grunt
    Other
    • Radar Tower1 Radar Tower

    Some games also: aggravator (38%) · con turret (30%)

    By 5:00 in all: 5 mex · 3 wind

    The example game in this phase · 21 steps
    1. GraverobberGraverobber
    2. Construction BotCon bot
    3. GraverobberGraverobber
    4. Construction BotCon bot
    5. ThugThug ×4
    6. Energy storage
    7. ThugThug
    8. GuardGuard
    9. AggravatorAggravator ×2
    10. Mex
    11. GraverobberGraverobber
    12. TrasherTrasher
    13. Construction BotCon bot
    14. ThugThug ×5
    15. AggravatorAggravator ×2
    16. GraverobberGraverobber
    17. TrasherTrasher
    18. Construction BotCon bot
    19. ThugThug
    20. Mex
    21. ThugThug ×2
  3. 3

    5:00 to 10:00

    Economy
    • Metal Extractor1Mex
    • Wind Turbine12Wind
    Builders
    • Construction Turret1 Con turret
    • Graverobber3 Graverobber
    • Construction Bot1 Con bot
    Army
    • Guard1 Guard
    • Thug11 Thug
    • Grunt1 Grunt

    Some games also: aggravator (42%) · Radar Tower (39%) · energy storage (37%) · Twin Guard (31%)

    By 10:00 in all: 6 mex · 16 wind · 2 con turret

    The example game in this phase · 62 steps
    1. ThugThug ×2
    2. Mex
    3. AggravatorAggravator ×2
    4. Twin GuardTwin Guard
    5. GraverobberGraverobber
    6. TrasherTrasher
    7. Construction BotCon bot
    8. ThugThug ×3
    9. Radar TowerRadar Tower
    10. ThugThug ×2
    11. AggravatorAggravator ×2
    12. Twin GuardTwin Guard
    13. GraverobberGraverobber
    14. Mex ×2
    15. TrasherTrasher
    16. Construction BotCon bot
    17. Con turret
    18. ThugThug
    19. Wind
    20. Con turret
    21. Twin GuardTwin Guard
    22. Wind ×2
    23. ThugThug
    24. Wind ×2
    25. ThugThug
    26. Wind ×2
    27. ThugThug
    28. Advanced Metal ExtractorT2 mexdone 13:38 · typical 9:59
    29. Wind ×2
    30. Converter ×2
    31. Wind
    32. Converter
    33. Wind
    34. Converter ×2
    35. Wind
    36. Converter ×2
    37. Wind ×2
    38. Converter
    39. ThugThug
    40. Wind
    41. Advanced Metal ExtractorT2 mex
    42. Converter
    43. Wind ×2
    44. AggravatorAggravator
    45. Wind
    46. Converter
    47. Wind
    48. AggravatorAggravator
    49. Wind
    50. Converter
    51. Wind ×2
    52. GraverobberGraverobber
    53. Converter
    54. Wind
    55. Advanced Metal ExtractorT2 mex
    56. Converter
    57. Con turret
    58. TrasherTrasher
    59. Converter
    60. Construction BotCon bot
    61. Wind
    62. Converter

Counts are medians over the build's games: half of them build more, half fewer. The example game is RG22's (32 OS, 30/08/2026); pick another.

Team trades

IN AT LEAST 30% OF ITS GAMES

You hand over

Nothing regular.

You get

  • Tidal Generator4 Tidal from Pondfirst at 0:11 · in 69% of games
  • Advanced Construction Bot1 T2 con bot from Geo or Techfirst at 7:45 · in 55% of games

How it plays out

Typical game of this build, running totals by minute

Metal produced

010k20k
0:005:0010:0015:00

metal

Enemy metal destroyed

05k10k
0:005:0010:0015:00

metal

Own metal lost

05k10k
0:005:0010:0015:00

metal

1114 games.

Show as table
ByMetal produced: This buildEnemy metal destroyed: This buildOwn metal lost: This build
1:0033000
2:0094400
3:002036216172
4:003125732630
5:00427915411402
6:00546325172340
7:00663736383327
8:00782845684355
9:00894152995258
10:001020960156154
11:001156765596930
12:001313870187728
13:001475177538384
14:001637883418911
15:001776589649563
WHAT THE NUMBERS SAY

This baseline wins more often than most other roles' standard builds, with early aggression showing in high kills and losses alike.

  • + Team wins 54% of games, best winrate among the roles shown.
  • + First kill lands very early at 2:07 in all games.
  • − Own metal lost is heavy early, 1439 by 5:00.
  • − Enemy destroyed stays close to own losses through 15:00, a costly front.
THE EXAMPLE YOU ARE READING

RG22

31.6 OS · 30/08/2026

Open source match ↗

7 received units · includes a constructor
91 metal received · 34302 energy received

Allied construction assistance is unknown. Timings are observations, not a promise of solo reproducibility.

Typical milestones

Bot Lab0:37Middle 50%: 0:27–0:45 · n=1108
Advanced Metal Extractor9:59Middle 50%: 9:00–11:14 · n=696

Played most by

XXMACGAMERXX134games of this build_Hawkey_70games of this build_X_61games of this buildrealisticjo52games of this buildAbyssFalcon46games of this build